 Dungeon Crawl Stone Soup version 0.31.0-32-g396128a36d (webtiles) character file.

Game seed: 18126328667731802191

154 H0rd4k the Insei (level 5, -2/34 HPs)
             Began as an Octopode Artificer on Apr 16, 2024.
             Slain by an ufetubus (5 damage)
             ... on level 4 of the Dungeon.
             The game lasted 00:02:06 (2455 turns).

H0rd4k the Insei (Octopode Artificer)               Turns: 2455, Time: 00:02:07

Health: -2/34      AC:  1    Str: 12    XL:     5   Next: 36%
Magic:  5/5        EV: 13    Int: 15    God:
Gold:   122        SH:  0    Dex: 12    Spells: 4/4 levels left

rFire   . .          .
                       - Unarmed
rCold   . . .        (no shield)
rNeg    . . .        (helmet restricted)
rPois   .            (no amulet)
rElec   .            (no ring)
rCorr   .            (no ring)
SInv    .            (no ring)
Will    .....        (no ring)
Stlth   +++          (no ring)
HPRegen 0.25/turn    (no ring)
MPRegen 0.09/turn    (no ring)
                     (no ring)

%: no passive effects
@: no status effects
A: almost no armour, amphibious, 8 rings, camouflage 1, gelatinous body 1,
(nimble swimmer 1), tentacles
a: no special abilities


You were on level 4 of the Dungeon.
You visited 1 branch of the dungeon, and saw 4 of its levels.

You collected 122 gold pieces.

Inventory:

Missiles
 e - 14 poisoned darts
Jewellery
 p - a ring of wizardry
Wands
 b - a wand of flame (15) (quivered)
 c - a wand of charming (7)
 d - a wand of iceblast (4)
Scrolls
 a - 2 scrolls of revelation {unknown}
 f - 2 scrolls of enchant armour {unknown}
 j - 2 scrolls of noise {unknown}
 k - 4 scrolls of enchant weapon {unknown}
 n - 2 scrolls of identify {unknown}
Potions
 g - a potion of attraction {unknown}
 h - 2 potions of cancellation {unknown}
 i - a potion of magic {unknown}
 l - a potion of mutation {unknown}
 m - a potion of resistance {unknown}
 o - a potion of might {unknown}


   Skills:
 + Level 2.2 Fighting
 - Level 2.3 Dodging
 - Level 1.3 Stealth
 + Level 4.3 Unarmed Combat
 - Level 3.2 Evocations


You had 4 spell levels left.
You didn't know any spells.
Your spell library contained the following spells:

 Spells                   Type           Power      Damage    Failure   Level
 Apportation              Tloc           0%         N/A       26%         1
 Jinxbite                 Hex            0%         N/A       38%         2
 Inner Flame              Hex/Fire       0%         N/A       63%         3
 Alistair's Intoxication  Alch           0%         N/A       100%        5
 Irradiate                Conj/Alch      0%         3d11      100%        5
 Ignition                 Fire           0%         3d3       100%        8


Dungeon Overview and Level Annotations

Branches:
Dungeon (4/15)
 Temple: D:4-7

Altars:

Annotations:
D:3 1 exclusion


Innate Abilities, Weirdness & Mutations

You cannot wear most types of armour.
You are amphibious.
You can wear up to eight rings at the same time.
Your skin changes colour to match your surroundings (Stealth+).
Your rubbery body absorbs attacks. (AC +1, EV +1)
((You are camouflaged when in or above water. (Stealth+)))
You have tentacles for arms and can constrict up to eight enemies at once.


Message History

Your adder bites the goblin.
The goblin dies!
A quokka comes into view.
An ufetubus comes into view.
Your adder closely misses the ball python.
The ball python bites your adder. The ball python misses your adder.
Your adder bites the ball python.
The ball python dies!
Your adder bites the gnoll.
The gnoll closely misses your adder.
Your adder bites the gnoll but does no damage.
Your adder bites the gnoll but does no damage.
The gnoll closely misses your adder.
An ufetubus comes into view.
The ufetubus shouts! x2
The endoplasm quivers.
The ufetubus barely misses you. The ufetubus hits you.
The ufetubus attacks as it pursues you! The ufetubus closely misses you.
The ufetubus hits you.
You barely miss the ufetubus. Your grab misses the ufetubus.
Your squeeze misses the ufetubus. The ufetubus misses you. x2
The ufetubus completely misses you. The ufetubus barely misses you.
The ufetubus misses you. The ufetubus barely misses you.
The ufetubus attacks as it pursues you! The ufetubus barely misses you. x2
You can't go up here!
Unknown command.
Aiming: Charm
Press: ? - help, Shift-Dir - straight line, f - ufetubus
Aim: an ufetubus (chance to affect: 66%)
The ufetubus is charmed.
The ufetubus slips past you! The ufetubus barely misses you.
The ufetubus hits you.
* * * LOW HITPOINT WARNING * * *
The ufetubus hits you.
* * * LOW HITPOINT WARNING * * *
The ufetubus hits you.
* * * LOW HITPOINT WARNING * * *
Aiming: Charm
Press: ? - help, Shift-Dir - straight line, f - quokka, p - ufetubus
Aim: a quokka (chance to affect: 73%)
The quokka is charmed.
You feel a bit more experienced. The ufetubus hits you.
You die...

... #...#<..#####
... #..####g# .#
#..# .......# #S#
.##...# ...#.#.#
#.## ##.....# ..
#.#.. #..###......#
.
#.......#J.#.......#
.........#.#.......#
........#.#.5.....#
#.......#.##@....#
##.....##.##r5...##
#.......J.........#
#........r........#
.......###.......#
...... .......##
#....# ##......#
..... #......# #####
#........


You could see an ufetubus, a friendly ufetubus (charmed) and a friendly quokka
(charmed).

Vanquished Creatures
  Natasha (D:3)
  4 adders (D:2)
  2 gnolls (D:4)
  2 dart slugs
  A ribbon worm (D:2)
  8 endoplasms
  A giant cockroach (D:1)
  5 goblins
  5 hobgoblins
  7 jackals
  2 quokkas (D:2)
  7 ball pythons
  5 bats
  5 frilled lizards
  5 kobolds
  6 rats
  A spectral goblin (D:2)
67 creatures vanquished.

Vanquished Creatures (collateral kills)
  A gnoll (D:4)
  A ball python (D:4)
  An endoplasm (D:3)
  A goblin (D:4)
4 creatures vanquished.

Grand Total: 71 creatures vanquished

Notes
Turn   | Place    | Note
-------+----------+-------------------------------------------
     0 | D:1      | H0rd4k the Octopode Artificer began the quest for the Orb.
     0 | D:1      | Reached XP level 1. HP: 13/13 MP: 1/1
    85 | D:1      | Reached skill level 1 in Unarmed Combat
   146 | D:1      | Reached XP level 2. HP: 13/18 MP: 2/2
   962 | D:2      | Reached skill level 2 in Unarmed Combat
  1021 | D:2      | Reached XP level 3. HP: 21/23 MP: 3/3
  1307 | D:2      | Found a faded altar of an unknown god.
  1445 | D:2      | Reached skill level 3 in Unarmed Combat
  1445 | D:2      | Reached XP level 4. HP: 14/29 MP: 4/4
  2242 | D:3      | Noticed Natasha
  2250 | D:3      | Killed Natasha
  2251 | D:3      | Reached skill level 4 in Unarmed Combat
  2251 | D:3      | Reached XP level 5. HP: 26/34 MP: 5/5
  2455 | D:4      | Slain by an ufetubus

Illustrated notes

Levels and vault maps discovered:
D:1:      amcnicky_arrival_choice, layout_basic, st_stairs_13
D:2:      layout_loops_ring, dreamdust_ecumenical_altar_drowned_temple
D:3:      layout_rooms, due_unseen_surprise, uniq_natasha
D:4:      layout_rooms, uniq_robin

Skill      XL: |  1  2  3  4 |
---------------+-------------+-----
Unarmed Combat | 1 2 3 4 |  4.3
Fighting       | 2 |  2.2
Dodging        | |  2.3
Stealth        | |  1.3
Evocations     | |  3.2

Action                     |  1- 3 |  4- 6 || total
---------------------------+-------+-------++-------
  Melee: Unarmed           |    81 |    63 ||   144
         Tentacles         |    18 |    10 ||    28
         Constrict         |    21 |    12 ||    33
         Punch             |       |     1 ||     1
  Evoke: Wand              |       |     9 ||     9
   Stab: Sleeping          |    11 |     4 ||    15
 Armour: Skin              |    44 |    48 ||    92
  Dodge: Dodged            |    38 |    68 ||   106
